 Dungeon Crawl Stone Soup version 0.29.1-13-g9f3cf754e1 (webtiles) character file.

Game seed: 8784394814245742899

128 adizb the Trooper (level 5, -6/46 HPs)
             Began as a Ghoul Monk on Jan 27, 2023.
             Killed from afar by Ijyb (17 damage)
             ... with a bolt of light
             ... on level 3 of the Dungeon.
             The game lasted 00:14:09 (1940 turns).

adizb the Trooper (Ghoul Monk)                      Turns: 1940, Time: 00:14:09

Health: -6/46      AC:  3    Str: 17    XL:     5   Next: 12%
Magic:  4/4        EV: 12    Int:  5    God:
Gold:   108        SH:  0    Dex: 11    Spells: 4/4 levels left

rFire   . . .      SeeInvis .   a - +0 spear
rCold   + . .      Faith    .   (no shield)
rNeg    + + +      Spirit   .   l - +0 leather armour
rPois   ∞          Reflect  .   (no helmet)
rElec   .          Harm     .   (no cloak)
rCorr   .          Rampage  .   (no gloves)
Will    .....                   (no boots)
Stlth   +.........              (no amulet)
HPRegen 0.00/turn               (no ring)
MPRegen 0.09/turn               (no ring)

@: confused, ambrosia-drunk, inhibited regen
A: claws 1, cold resistance 1, negative energy resistance 3, inhibited
regeneration, torment resistance 2, devour on kill
a: no special abilities


You were on level 3 of the Dungeon.
You visited 1 branch of the dungeon, and saw 3 of its levels.

You collected 108 gold pieces.

Inventory:

Hand Weapons
 a - a +0 spear (weapon)
Armour
 l - a +0 leather armour (worn)
Scrolls
 f - a scroll of teleportation
 g - a scroll of torment {unknown}
 j - 2 scrolls of vulnerability {unknown}
 m - a scroll of blinking {unknown}
 n - a scroll of noise {unknown}
Potions
 b - 3 potions of degeneration {unknown}
 d - 3 potions of brilliance {unknown}
 e - a potion of flight {unknown}
 h - 2 potions of berserk rage {unknown}
 i - 2 potions of curing {unknown}
 k - 2 potions of cancellation {unknown}
 o - a potion of attraction {unknown}


   Skills:
 + Level 4.1 Fighting
 * Level 4.1 Polearms
 + Level 1.8 Armour
 - Level 2.6 Dodging
 - Level 2.1 Stealth


You had 4 spell levels left.
You didn't know any spells.
Your spell library contained the following spells:

 Spells                   Type           Power      Damage    Failure   Level
 Gell's Gravitas          Tloc           0%         N/A       88%         3
 Teleport Other           Tloc           0%         N/A       88%         3
 Dispersal                Tloc           0%         N/A       100%        6


Dungeon Overview and Level Annotations

Branches:
Dungeon (3/15)

Altars:
Wu Jian

Annotations:
D:3 Ijyb


Innate Abilities, Weirdness & Mutations

You are immune to poison.
You have sharp fingernails.
Your flesh is cold resistant. (rC+)
You are immune to negative energy. (rN+++)
You do not regenerate when monsters are visible.
You are immune to unholy pain and torment.
You thrive by killing the living.


Message History

The bolt of light hits you!
Reach: a) +0 spear
Press: ? - help, Dir - move target, f - Ijyb
Aim: Ijyb, wielding a +0 club, wearing a +0 ring mail and carrying a wand of light (6) (about 40% to evade your +0 spear)
You reach to attack!
You closely miss Ijyb.
Reach: a) +0 spear
Press: ? - help, Dir - move target, f/p - Ijyb
Aim: Ijyb, wielding a +0 club, wearing a +0 ring mail and carrying a wand of light (6) (about 40% to evade your +0 spear)
You reach to attack!
You completely miss Ijyb.
Ijyb zaps a wand.
The bolt of light misses you.
Reach: a) +0 spear
Press: ? - help, Dir - move target, f/p - Ijyb
Aim: Ijyb, wielding a +0 club, wearing a +0 ring mail and carrying a wand of light (5) (about 40% to evade your +0 spear)
You reach to attack!
You completely miss Ijyb. You hit Ijyb but do no damage.
Ijyb hits you with a +0 club.
You barely miss Ijyb. Ijyb hits you but does no damage.
You closely miss Ijyb. Ijyb hits you with a +0 club.
You closely miss Ijyb. Ijyb barely misses you.
You hit Ijyb.
Ijyb is moderately wounded.
Ijyb zaps a wand.
The bolt of light misses you.
You hit Ijyb but do no damage.
Ijyb is moderately wounded.
Ijyb zaps a wand.
The bolt of light hits you!
You are confused.
* * * LOW HITPOINT WARNING * * *
You are too confused!
You are more confused.
You feel invigorated. Ijyb hits you with a +0 club.
* * * LOW HITPOINT WARNING * * *
You miss Ijyb.
Ijyb is moderately wounded.
Ijyb screams, "Me very upset!"
Ijyb zaps a wand.
The bolt of light hits you!
* * * LOW HITPOINT WARNING * * *
You miss Ijyb.
Ijyb is moderately wounded.
You bump into the rock wall.
Ijyb zaps a wand.
The bolt of light hits you!
You are more confused.
You die...

## ## .## #.# #.#####.#
#......# # .######.....#
##
........†...##########.
#.######................
<....rg@................
.
.#########.#.###########
. #.#.# # .
#####.#.########### .
................... .
####.##.########### . #.
#.# #. #.# #.# ###


You could see Ijyb and a rat.

Vanquished Creatures
  An orc wizard (D:3)
  3 adders
  2 worms (D:2)
  3 dart slugs
  3 orcs (D:3)
  2 ball pythons
  7 endoplasms
  A giant cockroach (D:1)
  3 goblins
  7 hobgoblins
  4 jackals (D:3)
  5 kobolds
  3 quokkas
  6 bats
  A frilled lizard (D:1)
  9 rats
60 creatures vanquished.

Notes
Turn   | Place    | Note
-------+----------+-------------------------------------------
     0 | D:1      | adizb the Ghoul Monk began the quest for the Orb.
     0 | D:1      | Reached XP level 1. HP: 19/19 MP: 0/0
   231 | D:1      | Reached XP level 2. HP: 21/26 MP: 1/1
   784 | D:2      | Found a faded altar of an unknown god.
   801 | D:2      | Reached skill level 1 in Armour
   801 | D:2      | Reached XP level 3. HP: 22/31 MP: 2/2
   865 | D:2      | Found an ornate altar of the Wu Jian Council.
  1175 | D:2      | Reached XP level 4. HP: 35/40 MP: 3/3
  1820 | D:3      | Reached XP level 5. HP: 27/46 MP: 4/4
  1917 | D:3      | Noticed Ijyb
  1940 | D:3      | Killed from afar by Ijyb

Illustrated notes

Levels and vault maps discovered:
D:1:      saegor_arrival_simple_a, layout_basic
D:2:      layout_loops_ring, basic_altar, dreamdust_ecumenical_altar_statues,
          minmay_fountain_box
D:3:      layout_loops_ring, uniq_ijyb

Skill      XL: |  1  2  3  4 |
---------------+-------------+-----
Polearms       | 3 4 |  4.1
Armour         | 1 |  1.8
Fighting       | 4 |  4.1
Dodging        | |  2.6
Stealth        | |  2.1

Action                   |  1- 3 |  4- 6 || total
-------------------------+-------+-------++-------
Melee: Spear             |   118 |   118 ||   236
  Use: Scroll            |     2 |     1 ||     3
       Potion            |       |     1 ||     1
 Stab: Sleeping          |     5 |     5 ||    10
       Distracted        |       |     1 ||     1
Armor: Robe              |    11 |    11 ||    22
       Leather armour    |       |     7 ||     7
Dodge: Dodged            |    54 |    52 ||   106
